 Dungeon Crawl Stone Soup version 0.27-a0-1586-gd5c625afe7 (webtiles) character file.

Game seed: 11190069179344104305

142 Lemonice the Skirmisher (level 5, -1/42 HPs)
             Began as a Formicid Abyssal Knight on July 18, 2021.
             Was a Follower of Lugonu.
             Slain by an orc (4 damage)
             ... on level 2 of the Dungeon.
             The game lasted 00:03:45 (2170 turns).

Lemonice the Skirmisher (Formicid Abyssal Knight)   Turns: 2170, Time: 00:03:46

Health: -1/42      AC:  7    Str: 17    XL:     5   Next: 49%
Magic:  16/16      EV: 11    Int: 12    God:    Lugonu [*.....]
Gold:   21         SH:  0    Dex: 10    Spells: 4/4 levels left

rFire    . . .     SeeInvis +   a - +1 hand axe
rCold    . . .     Faith    .   (no shield)
rNeg     . . .     Spirit   .   b - +1 leather armour
rPois    .         Reflect  .   (helmet unavailable)
rElec    .         Harm     .   n - +2 cloak
rCorr    .         Rampage  .   (no gloves)
Will     .....                  (no boots)
Stlth    +.........             (no amulet)
HPRegen  0.14/turn              h - ring of magical power
MPRegen  0.15/turn              (no ring)

@: no status effects
A: permanent stasis, dig shafts and tunnels, antennae 3, four strong arms
a: Dig, Shaft Self, Renounce Religion, Depart the Abyss


You were on level 2 of the Dungeon.
You worshipped Lugonu.
Lugonu was aware of your devotion.
You visited 1 branch of the dungeon, and saw 3 of its levels.
You visited the Abyss 1 time.

You collected 109 gold pieces.
You spent 88 gold pieces at shops.

Inventory:

Hand Weapons
 a - a +1 hand axe (weapon)
Missiles
 d - 44 stones
Armour
 b - a +1 leather armour (worn)
 n - a +2 cloak (worn)
Jewellery
 h - a ring of magical power (left hand)
 l - a ring of ice
Scrolls
 c - a scroll of torment
 f - a scroll of fog
 i - a scroll of noise
 j - a scroll of teleportation
 k - 2 scrolls of enchant armour


   Skills:
 + Level 4.0 Fighting
 + Level 2.9 Axes
 + Level 3.2 Armour
 + Level 2.0 Dodging
 + Level 3.4 Invocations


You had 4 spell levels left.
You didn't know any spells.
Your spell library contained the following spells:

 Spells                   Type           Power      Damage    Failure   Level
 Call Canine Familiar     Summ           0%         N/A       75%         3
 Portal Projectile        Hex/Tloc       0%         N/A       75%         3
 Leda's Liquefaction      Hex/Erth       0%         N/A       98%         4


Dungeon Overview and Level Annotations

Branches:
Dungeon (3/15)

Altars:

Shops:
D:2 (!


Innate Abilities, Weirdness & Mutations

You cannot be hasted, slowed, berserked, paralysed or teleported.
You can dig through walls and to a lower floor.
You have a pair of large antennae on your head. (SInv)
Your four strong arms can wield two-handed weapons with a shield.


Message History

The scorpion closely misses you.
You hit the scorpion.
The scorpion is almost dead.
The scorpion barely misses you.
You closely miss the scorpion.
The scorpion is almost dead.
The scorpion barely misses you. x2
You hit the scorpion but do no damage.
The scorpion is almost dead.
The scorpion stings you!
* * * LOW HITPOINT WARNING * * *
You hit the scorpion but do no damage.
The scorpion is almost dead.
The scorpion stings you but does no damage.
The scorpion barely misses you.
Unknown command.
You hit the scorpion but do no damage.
The scorpion is almost dead.
The scorpion stings you.
* * * LOW HITPOINT WARNING * * *
You hit the scorpion but do no damage.
The scorpion is almost dead.
The scorpion barely misses you.
You hit the scorpion.
You kill the scorpion!
Lugonu accepts your kill.
Your Fighting skill increases to level 4!
Your Armour skill increases to level 3!
Your Dodging skill increases to level 2!
You have reached level 5!
The orc barely misses you.
You climb upwards.
There is a stone staircase leading down, spattered with blood here.
You barely miss the orc.
The orc is heavily wounded.
The orc hits you but does no damage.
You barely miss the orc.
The orc is heavily wounded.
The orc hits you with a +0 whip.
You die...

♣.⌠.♣♣♣♣..............<.).......#
♣...♣ #........###############.#
♣.♣.♣♣♣##.......### #..
..♣♣..♣#..[.......#### #..
.♣♣♣♣.♣#.####........# #..
.♣#.♣.♣#.# #.###.##.# #..
.♣♣.♣♣.#.# #.##...#.# #..
..♣..♣...####.##.#)#.# #..
♣.♣............o@#...##########..
♣.♣..##..####..#####.............
.♣...##..#####...#........#####..
.#.........# ###.#.######.# #.#
.###.##..#.# #...# #.#####.# .#
#....)#.# ##.## #........ .#
##.∩..#.######.#############.# .#
##...............##..######.# .#
#..##.#########.##..##......


You could see an orc.

Vanquished Creatures
  A scorpion (D:3)
  An orc priest (D:2)
  An orc wizard (D:3)
  A worm (D:2)
  A dart slug (D:1)
  3 orcs (D:3)
  2 bats (D:1)
  A giant cockroach (D:2)
  3 goblins
  2 hobgoblins (D:1)
  2 kobolds
  A quokka (D:2)
  3 ball pythons
  3 rats
25 creatures vanquished.

Notes
Turn   | Place    | Note
-------+----------+-------------------------------------------
     0 | Abyss:1  | Lemonice the Formicid Abyssal Knight began the quest for
                  | the Orb.
     0 | Abyss:1  | Reached XP level 1. HP: 18/18 MP: 2/2
    32 | Abyss:1  | Noticed an unseen horror
    35 | D:1      | Escaped the Abyss
   171 | D:1      | Reached skill level 1 in Dodging
   602 | D:1      | Reached XP level 2. HP: 15/24 MP: 3/3
  1151 | D:2      | Found Pibbeo's Distillery.
  1161 | D:2      | Bought a potion of heal wounds for 55 gold pieces
  1161 | D:2      | Bought a potion of curing for 33 gold pieces
  1417 | D:2      | Found Enidiona's Antique Weapon Shoppe.
  1427 | D:2      | Reached XP level 3. HP: 25/29 MP: 4/4
  1482 | D:2      | Found a faded altar of an unknown god.
  1794 | D:3      | Reached * piety under Lugonu
  1842 | D:2      | Reached XP level 4. HP: 10/37 MP: 6/6
  2130 | D:3      | Noticed a scorpion
  2166 | D:3      | Killed a scorpion
  2167 | D:3      | Reached skill level 4 in Fighting
  2167 | D:3      | Reached XP level 5. HP: 3/42 MP: 7/7
  2170 | D:2      | Slain by an orc

Illustrated notes

Levels and vault maps discovered:
D:1:      minmay_arrival_doors, layout_basic, dk_noncrumbling_2
D:2:      layout_loops_ring, shapermc_ecumenical_altar_totnotflames,
          serial_shops, shop, nicolae_square_shop
D:3:      layout_loops_ring, chequers_serial_rivers_micro_d, uniq_jessica

Skill      XL: |  1  2  3  4 |
---------------+-------------+-----
Dodging        | 1 2 |  2.0
Invocations    | 3 |  3.4
Fighting       | 4 |  4.0
Armour         | 3 |  3.2
Axes           | |  2.9

Action                   |  1- 3 |  4- 6 || total
-------------------------+-------+-------++-------
Melee: Hand axe          |    60 |    49 ||   109
Invok: Depart the Abyss  |     1 |       ||     1
  Use: Potion            |     1 |     3 ||     4
       Scroll            |     6 |     1 ||     7
Armor: Leather armour    |    19 |    15 ||    34
Dodge: Dodged            |    33 |    28 ||    61

Table legend: (Time is in decaauts)
 A = Elapsed time spent in this place.
 B = Non-inter-level travel time spent in this place.
 C = Inter-level travel time spent in this place.
 D = Time resting spent in this place.
 E = Time spent auto-exploring this place.
 F = Levels seen in this place.
 G = Mean time per level.
                   A        B        C        D        E       F      G
               +--------+--------+--------+--------+--------+-----+--------+
         Total |   2190 |   2154 |     36 |      0 |   1703 |   4 |  547.5 |
       Dungeon |   2155 |   2119 |     36 |      0 |   1703 |   3 |  718.3 |
         Abyss |     35 |     35 |      0 |      0 |      0 |   1 |   35.0 |
               +--------+--------+--------+--------+--------+-----+--------+

Top non-repeatable levels by time:
     D:2: 1054 daAuts
     D:1: 954 daAuts
     D:3: 145 daAuts
 Abyss:1: 35 daAuts
